 Dungeon Crawl Stone Soup version 0.29.1-15-g9cfb28693d (webtiles) character file.

Game seed: 4966549623219906280

2128 croobank the Firebug (level 9, 0/66 HPs)
             Began as a Demonspawn Fire Elementalist on Mar 20, 2023.
             Was an Initiate of Hepliaklqana.
             Slain by a bullfrog (3 damage)
             ... on level 7 of the Dungeon on Mar 21, 2023.
             The game lasted 00:26:51 (10062 turns).

croobank the Firebug (DsFE)                        Turns: 10062, Time: 00:26:52

Health: 0/66       AC:  5    Str:  9    XL:     9   Next: 8%
Magic:  15/15      EV: 13    Int: 20    God:    Hepliaklqana [......]
Gold:   344        SH:  0    Dex: 14    Spells: 6/17 levels left

rFire   + . .      SeeInvis .   o - +4 dagger (elec)
rCold   . . .      Faith    .   (no shield)
rNeg    . . .      Spirit   .   a - +0 robe
rPois   .          Reflect  .   (no helmet)
rElec   .          Harm     .   A - +0 cloak
rCorr   .          Rampage  .   (no gloves)
Will    .....                   (no boots)
Stlth   +++.......              (no amulet)
HPRegen 0.21/turn               r - ring of protection from fire
MPRegen 0.14/turn               t - ring of wizardry

@: mighty
A: molten scales 1, demonic touch 1
a: Renounce Religion


You were on level 7 of the Dungeon.
You worshipped Hepliaklqana.
Hepliaklqana was noncommittal.
You visited 2 branches of the dungeon, and saw 9 of its levels.
You also visited: Sewer.

You collected 344 gold pieces.

Inventory:

Hand Weapons
 b - a +0 sling
 d - a +0 club
 n - a +0 broad axe
 o - a +4 dagger of electrocution (weapon)
 p - a +3 morningstar of protection
 y - a +2 quarterstaff of chaos
 H - a +1 vampiric short sword
 I - a +1 dagger of venom
Missiles
 k - 18 poisoned darts (quivered)
 x - 5 javelins
Armour
 a - a +0 robe (worn)
 i - a +0 leather armour
 A - a +0 cloak (worn)
Magical Staves
 F - a staff of poison
 G - a staff of air
Jewellery
 r - a ring of protection from fire (left hand)
 t - a ring of wizardry (right hand)
 u - a ring of poison resistance
 v - a ring of resist corrosion
 B - a +6 ring of strength
 J - a ring of willpower
Wands
 m - a wand of light (13)
 D - a wand of iceblast (3)
 E - a wand of polymorph (3)
Scrolls
 e - 2 scrolls of amnesia
 f - a scroll of fear
 h - 5 scrolls of fog
 q - a scroll of immolation
 s - 3 scrolls of magic mapping
 K - a scroll of enchant armour {unknown}
Potions
 c - 2 potions of attraction
 g - 2 potions of invisibility
 j - 4 potions of flight
 z - a potion of brilliance


   Skills:
 + Level 4.5 Fighting
 + Level 4.5 Dodging
 + Level 5.0 Stealth
 + Level 4.5 Spellcasting
 + Level 4.5 Conjurations
 + Level 1.6 Translocations
 + Level 5.1 Fire Magic
 * Level 2.7 Invocations


You had 6 spell levels left.
You knew the following spells:

 Your Spells              Type           Power      Damage    Failure   Level
a - Foxfire               Conj/Fire      96%        2x1d8     1%          1
b - Scorch                Fire           50%        2d7       1%          2
c - Flame Wave            Conj/Fire      24%        2d8       6%          4
d - Iskenderun's Mystic   Conj/Tloc      17%        2d5       13%         4

Your spell library contained the following spells:

 Spells                   Type           Power      Damage    Failure   Level
 Conjure Flame            Conj/Fire      24%        6-21      1%          3
 Freeze                   Ice            16%        1d4       4%          1
 Sandblast                Erth           8%         2d5       4%          1
 Inner Flame              Hex/Fire       14%        N/A       5%          3
 Dazzling Flash           Conj/Hex       26%        N/A       6%          3
 Stone Arrow              Conj/Erth      26%        3d8       6%          3
 Passwall                 Tmut/Erth      3%         N/A       8%          2
 Frozen Ramparts          Ice            8%         1d2       16%         3
 Hailstorm                Conj/Ice       13%        3d5       19%         4
 Starburst                Conj/Fire      12%        6d5       65%         6


Dungeon Overview and Level Annotations

Branches:
Dungeon (8/15)             Temple (1/1) D:7           Sewer (visited)
   Lair: D:8-11

Altars:
Ashenzari
Cheibriados
Dithmenos
Fedhas
Gozag
Hepliaklqana
Kikubaaqudgha
Nemelex Xobeh
Okawaru
Qazlal
Ru
Sif Muna
Trog
Uskayaw
Vehumet
Wu Jian
Xom
Yredelemnul

Shops:
D:4 (

Annotations:
D:4 Edmund
D:7 1 runed translucent door, hawla's ghost, novice MeFE


Innate Abilities, Weirdness & Mutations

You are partially covered in molten scales. (AC +2)
Your touch may inflict minor irresistible damage on your foes.


Message History

Flames lash the centaur but do no damage.
The bullfrog misses you.
The centaur hits you but does no damage.
The centaur kicks you but does no damage.
The bullfrog closely misses you.
You hit the centaur.
The centaur is severely wounded.
The centaur hits you.
* * * LOW HITPOINT WARNING * * *
The centaur kicks you.
* * * LOW HITPOINT WARNING * * *
The bullfrog hits you.
* * * LOW HITPOINT WARNING * * *
The centaur closely misses you. The centaur barely misses you.
You are confused.
You feel invigorated.
The bullfrog is no longer more vulnerable to fire.
The bullfrog hits you but does no damage.
The centaur closely misses you. The centaur kicks you.
* * * LOW HITPOINT WARNING * * *
The bullfrog hits you.
* * * LOW HITPOINT WARNING * * *
Okay, then.
Okay, then.
You are too confused!
You feel very mighty all of a sudden.
The centaur hits you but does no damage.
The centaur closely misses you. The bullfrog closely misses you.
The centaur hits you but does no damage.
The centaur closely misses you.
You hit the centaur.
The centaur is almost dead.
You feel less invigorated.
You feel less confused. The bullfrog hits you.
* * * LOW HITPOINT WARNING * * *
The centaur hits you but does no damage.
The centaur kicks you but does no damage.
The bullfrog hits you.
You die...

#...#####)# #.# #
###.# #/# #.# # #.#
#.# #.# # #.# #.# #.#
# #.#
#.###########.###### #
######.#
#.#................###
#......#
#.#.#####.............
#.######
#.#.#####.##.####.###.
#.#
#...F@c...##.###.## ##
#.# ###>########.....#
# #[# #.# #..##.## ##
#.# #.# #..###.###.
#.# #.# #.........#
#.#
#.########...###...#
#.##########
#............# ##.#.
...........#
##########...# #.##
##########.# #...#
#...


You could see a bullfrog and a centaur (combustible).

Vanquished Creatures
  Prince Ribbit (D:5)
  A wyvern (D:5)
  Duvessa (D:7)
  An ice beast (D:3)
  A black bear (D:7)
  An ogre (D:5)
  2 kobold brigands (D:7)
  A necrophage (D:6)
  Blork the orc (D:5)
  2 bullfrogs
  2 scorpions (D:6)
  Dowan (D:7)
  6 killer bees (D:7)
  2 jellies
  Crazy Yiuf (D:5)
  3 hounds
  3 iguanas
  2 orc wizards
  11 adders
  A shadow imp (D:5)
  A white imp (D:7)
  An ufetubus (D:5)
  4 dart slugs
  22 orcs
  A bat (D:1)
  15 endoplasms
  15 giant cockroaches
  5 goblins
  5 hobgoblins
  6 jackals
  14 quokkas
  15 ball pythons
  16 frilled lizards
  18 kobolds
  5 rats
  A spectral kobold (D:2)
  A butterfly (D:7)
189 creatures vanquished.

Vanquished Creatures (collateral kills)
  A foxfire (Sewer)
1 creature vanquished.

Vanquished Creatures (others)
  328 foxfires
328 creatures vanquished.

Grand Total: 518 creatures vanquished

Notes
Turn   | Place    | Note
-------+----------+-------------------------------------------
     0 | D:1      | croobank the Demonspawn Fire Elementalist began the quest
                  | for the Orb.
     0 | D:1      | Reached XP level 1. HP: 13/13 MP: 3/3
   277 | D:1      | Gained mutation: You are partially covered in molten
                  | scales. (AC +2) [demonic ancestry]
   277 | D:1      | Reached XP level 2. HP: 20/20 MP: 1/5
   280 | D:1      | Learned a level 2 spell: Scorch
   974 | D:1      | Reached skill level 1 in Fighting
  1664 | D:2      | Reached XP level 3. HP: 26/26 MP: 1/6
  2106 | D:2      | Found a faded altar of an unknown god.
  2992 | D:3      | Noticed an ice beast
  3002 | D:3      | Killed an ice beast
  3003 | D:3      | Gained mutation: Your touch may inflict minor irresistible
                  | damage on your foes. [demonic ancestry]
  3003 | D:3      | Reached XP level 4. HP: 26/33 MP: 0/7
  3003 | D:3      | Reached XP level 5. HP: 30/38 MP: 0/8
  3589 | D:3      | Found a basalt altar of Yredelemnul.
  4269 | D:4      | Found a glowing drain.
  4355 | Sewer    | Entered a sewer
  4426 | Sewer    | Learned a level 4 spell: Flame Wave
  4958 | Sewer    | Reached XP level 6. HP: 37/44 MP: 0/10
  5204 | D:4      | Found Hagead's Weapon Emporium.
  5316 | D:4      | Found a broken altar of Ashenzari.
  5767 | D:4      | Noticed Edmund
  5799 | D:5      | Entered Level 5 of the Dungeon
  5805 | D:5      | Noticed Blork the orc
  5810 | D:5      | Noticed Prince Ribbit
  5813 | D:5      | Killed Blork the orc
  5828 | D:5      | Killed Prince Ribbit
  5829 | D:5      | Reached XP level 7. HP: 7/51 MP: 0/12
  6179 | D:5      | Found the +8 orange crystal plate armour {Archmagi, Int+3
                  | Clar}
  6314 | D:5      | Noticed a wyvern
  6321 | D:5      | Killed a wyvern
  6767 | D:5      | Found a runed translucent door.
  6768 | D:5      | Noticed Crazy Yiuf
  6775 | D:5      | Killed Crazy Yiuf
  6776 | D:5      | Reached XP level 8. HP: 55/58 MP: 3/13
  6980 | D:5      | Found an ancient bone altar of Kikubaaqudgha.
  7799 | D:6      | Identified the +7 scale mail of the Fisher {+Inv rC- Will+
                  | SInv}
  7803 | D:6      | Found a sacrificial altar of Ru.
  8010 | D:6      | Learned a level 4 spell: Iskenderun's Mystic Blast
  8326 | D:7      | Found a staircase to the Ecumenical Temple.
  8427 | Temple   | Entered the Ecumenical Temple
  8557 | Temple   | Became a worshipper of Hepliaklqana the Forgotten
  8755 | D:7      | Noticed Duvessa
  8755 | D:7      | Noticed Dowan
  8771 | D:7      | HP: 2/60 [Duvessa/+0 rapier of holy wrath (8)]
  8949 | D:7      | Killed Duvessa
  8950 | D:7      | Reached skill level 1 in Translocations
  8950 | D:7      | Reached skill level 1 in Invocations
  8952 | D:7      | Killed Dowan
  9224 | D:7      | Reached skill level 5 in Fire Magic
  9623 | D:7      | Found a runed translucent door.
  9623 | D:7      | Found a shimmering altar of Xom.
  9623 | D:7      | Noticed hawla's ghost (novice MeFE)
  9624 | D:7      | Noticed a +2 short sword of chaos
  9712 | D:7      | Reached XP level 9. HP: 38/66 MP: 6/15
  9726 | D:7      | Reached skill level 5 in Stealth
 10060 | D:7      | HP: 3/66 [bullfrog (5)]
 10062 | D:7      | Slain by a bullfrog

Illustrated notes

Levels and vault maps discovered:
D:1:      dpeg_arrival_round_b, layout_basic, grunt_decor_cap
D:2:      layout_loops_ring, dreamdust_ecumenical_altar_drowned_temple,
          serial_rivers, chequers_serial_rivers_small_b,
          chequers_serial_rivers_micro_a, chequers_serial_rivers_large_b,
          chequers_serial_rivers_small_b, chequers_serial_rivers_micro_d,
          chequers_serial_rivers_micro_c, chequers_serial_rivers_micro_a,
          kennysheep_doodads, grunt_ministairs_1, minivault_4,
          minmay_misc_feat_four_crosses, kennysheep_generic_room_5
D:3:      layout_basic, general_overflow_altar
D:4:      layout_cave_pools, evilmike_ruin_ashenzari, serial_shops,
          nicolae_shop_stone, gup_sewer_entry_pipe, uniq_edmund
D:5:      layout_rooms, kennysheep_mini_moat, minmay_misc_feat_room,
          uniq_blork_the_orc, uniq_prince_ribbit1, uniq_crazy_yiuf_cottage
D:6:      layout_rooms, nicolae_ru_sacrificial_ziggurat
D:7:      layout_loops_ring, minmay_temple_entry_butterflies, ebering_ghost_xom,
          uniq_duvessa
D:8:      layout_rooms, david_lair_shrubbed, uniq_pikel, uniq_grum, uniq_maggie
Temple:   minmay_crystal_spiral_temple

Skill      XL: |  1  2  3  4  5  6  7  8  9 |
---------------+----------------------------+-----
Stealth        | 2 3 4 5 |  5.0
Dodging        | 2 3 4 |  4.5
Fighting       | 1 2 3 4 |  4.5
Fire Magic     | 3 4 5 |  5.1
Conjurations   | 2 3 4 |  4.5
Spellcasting   | 3 4 |  4.5
Translocations | 1 |  1.6
Invocations    | 2 |  2.7

Action                   |  1- 3 |  4- 6 |  7- 9 || total
-------------------------+-------+-------+-------++-------
Melee: Unarmed           |     2 |       |       ||     2
       Dagger            |    14 |    42 |    19 ||    75
       Touch             |       |     7 |     2 ||     9
 Cast: Foxfire           |    45 |    89 |    66 ||   200
       Scorch            |    30 |    44 |    83 ||   157
       Flame Wave        |       |       |     1 ||     1
  Use: Potion            |     1 |     2 |     9 ||    12
       Scroll            |       |    12 |     7 ||    19
 Stab: Sleeping          |     1 |     1 |       ||     2
Armor: Robe              |    10 |    15 |    15 ||    40
Dodge: Dodged            |    17 |    29 |    55 ||   101
